 Dungeon Crawl Stone Soup version 0.29.1-4-g47bece8355 (webtiles) character file.

Game seed: 17038461055227638879

104 KittyFluff the Trooper (level 4, -2/30 HPs)
             Began as a Gargoyle Berserker on Dec 7, 2022.
             Was a Believer of Trog.
             Slain by an ogre
             ... wielding a +0 giant spiked club
              (26 damage)
             ... on level 4 of the Dungeon.
             The game lasted 00:11:27 (2852 turns).

KittyFluff the Trooper (Gargoyle Berserker)         Turns: 2852, Time: 00:11:27

Health: -2/30      AC:  5    Str: 20    XL:     4   Next: 80%
Magic:  4/4        EV: 12    Int:  8    God:    Trog [**....]
Gold:   191        SH:  0    Dex: 11    Spells: 3/3 levels left

rFire   . . .      SeeInvis .   a - +0 mace
rCold   . . .      Faith    .   (no shield)
rNeg    + . .      Spirit   .   b - +0 animal skin
rPois   ∞          Reflect  .   (no helmet)
rElec   +          Harm     .   (no cloak)
rCorr   +          Rampage  .   (no gloves)
Will    .....                   (no boots)
Stlth   +.........              (no amulet)
HPRegen 0.10/turn               c - ring of resist corrosion
MPRegen 0.09/turn               (no ring)

@: no status effects
A: sickness immunity, AC +3, negative energy resistance 1, electricity
resistance, torment resistance 1, petrification resistance
a: Renounce Religion, Berserk, Trog's Hand


You were on level 4 of the Dungeon.
You worshipped Trog.
Trog was pleased with you.
You visited 1 branch of the dungeon, and saw 4 of its levels.

You collected 191 gold pieces.

Inventory:

Hand Weapons
 a - a +0 mace (weapon)
Missiles
 e - 38 stones (quivered)
 h - 6 boomerangs
 r - 6 poisoned darts
Armour
 b - a +0 animal skin (worn)
 d - a +0 leather armour
 j - a +1 ring mail of willpower
Jewellery
 c - a ring of resist corrosion (left hand)
Scrolls
 i - a scroll of poison {unknown}
 k - a scroll of immolation {unknown}
 m - a scroll of summoning {unknown}
 o - 2 scrolls of noise {unknown}
 p - a scroll of identify
 q - a scroll of magic mapping {unknown}
Potions
 f - 2 potions of ambrosia
 g - a potion of berserk rage
 l - a potion of curing
 n - a potion of flight
 s - a potion of haste


   Skills:
 * Level 4.4 Fighting
 + Level 3.8 Maces & Flails
 * Level 2.9 Armour
 + Level 2.0 Dodging
 + Level 0.9 Stealth


You had 3 spell levels left.
You didn't know any spells.
Your spell library was empty.

Dungeon Overview and Level Annotations

Branches:
Dungeon (4/15)
 Temple: D:4-7

Altars:


Innate Abilities, Weirdness & Mutations

You are immune to sickness and miasma.
Your stone body is resilient. (AC +3)
You are immune to poison.
You resist negative energy. (rN+)
You are resistant to electric shocks. (rElec)
You are resistant to unholy torment.
You are immune to petrification.


Message History

You closely miss the kobold. The kobold hits you but does no damage.
The worm bites you but does no damage.
A red film seems to cover your vision as you go berserk!
You feel yourself moving faster!
You feel mighty!
The kobold hits you with a +0 short sword.
You sock the kobold!
You kill the kobold!
Trog accepts your kill. The worm misses you.
You sock the worm!
The worm is severely wounded.
You sock the worm!
You kill the worm!
Trog accepts your kill.
Found a robe.
You see here a worm corpse.
You start resting.
You feel a strong urge to attack something.
You start resting.
You feel your anger nearly subside.
You are no longer berserk.
You are exhausted.
You feel yourself slow down.
You start resting.
You feel yourself speed up.
e - 38 stones (gained 3)
You see here a +0 short sword.
You now have 181 gold pieces (gained 9).
You see here a +0 short sword.
You now have 191 gold pieces (gained 10).
You recover from your berserk rage.
Something unseen opens the door.
An ogre comes into view. It is wielding a +0 giant spiked club.
The ogre shouts!
A phantom comes into view.
You see here a scroll of identify.
You see here a scroll of identify.
p - a scroll of identify The ogre hits you with a +0 giant spiked club!!
Ouch! That really hurt!
You die...

#### ##..## #[...#
#....# ########.#
####
##..##.##@###..###
#........O.......#
#........W.......#
#................#
#.......>.†......#
#.><.......).....#
##..##....########
#+###'#### ...


You could see an ogre and a phantom.

Vanquished Creatures
  A jelly (D:3)
  3 adders
  A worm (D:4)
  A dart slug (D:2)
  An endoplasm (D:1)
  3 giant cockroaches (D:1)
  3 hobgoblins (D:1)
  6 quokkas
  4 ball pythons
  4 bats
  2 frilled lizards
  3 goblins
  8 kobolds
  5 rats
45 creatures vanquished.

Notes
Turn   | Place    | Note
-------+----------+-------------------------------------------
     0 | D:1      | KittyFluff the Gargoyle Berserker began the quest for the
                  | Orb.
     0 | D:1      | Reached XP level 1. HP: 14/14 MP: 1/1
   459 | D:1      | Reached XP level 2. HP: 19/20 MP: 2/2
  1174 | D:1      | Reached skill level 4 in Fighting
  1333 | D:2      | Reached XP level 3. HP: 24/24 MP: 3/3
  2212 | D:3      | Reached ** piety under Trog
  2213 | D:3      | Reached XP level 4. HP: 27/30 MP: 4/4
  2845 | D:4      | Noticed an ogre
  2846 | D:4      | Noticed a phantom
  2852 | D:4      | Slain by an ogre

Illustrated notes

Levels and vault maps discovered:
D:1:      ncdulo_halloftheorcs, layout_basic, kennysheep_decorative_pillar
D:2:      layout_basic
D:3:      layout_basic, minmay_misc_feat_room
D:4:      layout_gridville, nicolae_shop_vocational

Skill      XL: |  1  2  3  4 |
---------------+-------------+-----
Fighting       | 4 |  4.4
Dodging        | 2 |  2.0
Maces & Flails | |  3.8
Armour         | |  2.9
Stealth        | |  0.9

Action                   |  1- 3 |  4- 6 || total
-------------------------+-------+-------++-------
Melee: Mace              |   104 |    30 ||   134
       Punch             |     1 |       ||     1
Invok: Berserk           |       |     1 ||     1
  Use: Scroll            |     2 |     4 ||     6
Armor: Animal skin       |    41 |    15 ||    56
Dodge: Dodged            |    77 |    12 ||    89
